 Dungeon Crawl Stone Soup version 0.22.1-2-g9c5b331383 (webtiles) character file.

95 kapitany the Chopper (level 4, 0/41 HPs)
             Began as a Minotaur Berserker on Dec 25, 2018.
             Was a Believer of Trog.
             Slain by a gnoll
             ... wielding a +0 halberd of distortion
              (9 damage)
             ... on level 3 of the Dungeon.
             The game lasted 00:04:50 (1694 turns).

kapitany the Chopper (Minotaur Berserker)           Turns: 1694, Time: 00:04:50

Health: 0/41       AC:  5    Str: 22    XL:     4   Next: 39%
Magic:  3/3        EV: 12    Int:  4    God:    Trog [**....]
Gold:   57         SH:  0    Dex: 10    Spells: 3/3 levels left

rFire    . . .     SeeInvis .   a - +0 hand axe
rCold    . . .     Gourm    .   (no shield)
rNeg     . . .     Faith    .   e - +0 ring mail
rPois    .         Spirit   .   (helmet restricted)
rElec    .         Reflect  .   (no cloak)
rCorr    .         Harm     .   (no gloves)
MR       .....                  (no boots)
Stlth    ..........             (no amulet)
HPRegen  0.13/turn              (no ring)
MPRegen  0.08/turn              (no ring)

@: berserk cooldown, slowed, very slow
A: retaliatory headbutt, horns 2
a: Berserk, Trog's Hand, Renounce Religion


You were on level 3 of the Dungeon.
You worshipped Trog.
Trog was pleased with you.
You were hungry.

You visited 1 branch of the dungeon, and saw 3 of its levels.

You collected 57 gold pieces.

Inventory:

Hand Weapons
 a - a +0 hand axe (weapon)
Armour
 e - a +0 ring mail (worn)
Scrolls
 b - 3 scrolls of identify {unknown}
 d - 2 scrolls of amnesia {unknown}
Potions
 f - a potion of brilliance {unknown}


   Skills:
 + Level 4.3 Fighting
 * Level 4.9 Axes
 + Level 3.2 Armour
 + Level 3.0 Dodging


You had 3 spell levels left.
You didn't know any spells.
Your spell library was empty.

Dungeon Overview and Level Annotations

Branches:
Dungeon (3/15)

Altars:

Annotations:
D:2 Sigmund


Innate Abilities, Weirdness & Mutations

You reflexively headbutt those who attack you in melee.
You have a pair of horns on your head.


Message History

You feel a strong urge to attack something.
The gnoll closely misses you.
You feel your anger nearly subside. The gnoll misses you.
You are no longer berserk.
You are exhausted.
You feel yourself slow down. The gnoll closely misses you.
You closely miss the gnoll. The gnoll hits you but does no damage.
The gnoll hits you from afar with a halberd of distortion.
Space warps horribly around you!
* * * LOW HITPOINT WARNING * * *
The gnoll hits you but does no damage.
You barely miss the gnoll. The gnoll barely misses you. x2
You furiously retaliate!
You headbutt the gnoll! The gnoll barely misses you.
You hit the gnoll.
You kill the gnoll!
Trog accepts your kill.
Your Dodging skill increases to level 3!
The gnoll hits you from afar with a halberd of distortion!
You die...

#......#.# #........#
#......#.# #.######.#
##'#####.####### ###
##'### #.......#
.....# #######.#
.....# #.....#.#
.....###.##.##.#
......$..##.##†#######
###########(##..@)g..#
............########.#
####################.#
.# #.......##.# .#
#.......##.# .#
#.......##g#
.##########.......##.#
.....g............##.#
##########........##.#


You could see a gnoll.

Vanquished Creatures
  A hound (D:3)
  2 gnolls (D:3)
  An adder (D:3)
  An ooze (D:2)
  2 worms (D:3)
  A dart slug (D:1)
  A leopard gecko (D:3)
  A goblin (D:1)
  A hobgoblin (D:1)
  2 jackals (D:2)
  A ball python (D:1)
  2 bats
  5 frilled lizards
  3 kobolds
  7 rats
31 creatures vanquished.

Notes
Turn   | Place    | Note
-------+----------+-------------------------------------------
     0 | D:1      | kapitany the Minotaur Berserker began the quest for the
                  | Orb.
     0 | D:1      | Reached XP level 1. HP: 19/19 MP: 0/0
   260 | D:1      | Reached XP level 2. HP: 27/27 MP: 1/1
   915 | D:2      | Noticed Sigmund
  1215 | D:3      | Reached XP level 3. HP: 33/33 MP: 2/2
  1492 | D:3      | Reached XP level 4. HP: 39/40 MP: 3/3
  1542 | D:3      | Reached ** piety under Trog
  1694 | D:3      | Slain by a gnoll

Skill      XL: |  1  2  3  4 |
---------------+-------------+-----
Axes           | 4 |  4.9
Fighting       | 4 |  4.3
Armour         | 3 |  3.2
Dodging        | 3 |  3.0

Action                   |  1- 3 |  4- 6 || total
-------------------------+-------+-------++-------
Melee: Hand axe          |    58 |    17 ||    75
       Headbutt          |     8 |     3 ||    11
Invok: Berserk           |     1 |     2 ||     3
  Eat: Ration            |     1 |       ||     1
       Chunk             |       |     1 ||     1
Armor: Ring mail         |    35 |     4 ||    39
Dodge: Dodged            |    25 |    13 ||    38
